 Dungeon Crawl Stone Soup version 0.29.0-13-gc9e81de378 (webtiles) character file.

Game seed: 9310353402753423932

25 leavemydog the Shooter (level 3, 30/30 HPs)
             Began as a Hill Orc Hunter on Sept 8, 2022.
             Quit the game on level 2 of the Dungeon.
             The game lasted 00:02:18 (890 turns).

leavemydog the Shooter (Hill Orc Hunter)             Turns: 890, Time: 00:02:19

Health: 30/30      AC:  6    Str: 13    XL:     3   Next: 4%
Magic:  3/3        EV:  9    Int: 15    God:
Gold:   81         SH:  0    Dex: 16    Spells: 2/2 levels left

rFire   . . .      SeeInvis .   a - +0 shortbow
rCold   . . .      Faith    .   (shield currently unavailable)
rNeg    . . .      Spirit   .   g - +0 scale mail
rPois   .          Reflect  .   (no helmet)
rElec   .          Harm     .   (no cloak)
rCorr   .          Rampage  .   (no gloves)
Will    .....                   (no boots)
Stlth   ..........              (no amulet)
HPRegen 0.10/turn               f - +6 ring of intelligence
MPRegen 0.08/turn               (no ring)

@: no status effects
A: no striking features
a: no special abilities


You were on level 2 of the Dungeon.
You visited 1 branch of the dungeon, and saw 2 of its levels.

You collected 81 gold pieces.

Inventory:

Hand Weapons
 a - a +0 shortbow (weapon)
 e - a +0 dagger
Missiles
 j - 6 boomerangs
Armour
 g - a +0 scale mail (worn)
Jewellery
 f - a +6 ring of intelligence (left hand)
 i - a ring of positive energy
Scrolls
 b - a scroll of immolation
 c - a scroll of noise {unknown}
 h - a scroll of identify {unknown}
 k - a scroll of fear {unknown}
 l - a scroll of brand weapon {unknown}
Potions
 d - a potion of curing {unknown}


   Skills:
 + Level 2.5 Fighting
 + Level 4.4 Ranged Weapons
 + Level 0.1 Armour
 - Level 1.5 Dodging
 - Level 0.7 Stealth


You had 2 spell levels left.
You didn't know any spells.
Your spell library contained the following spells:

 Spells                   Type           Power      Damage    Failure   Level
 Blink                    Tloc           0%         N/A       90%         2
 Manifold Assault         Tloc           0%         N/A       100%        5
 Storm Form               Tmut/Air       0%         N/A       100%        7


Dungeon Overview and Level Annotations

Branches:
Dungeon (2/15)

Altars:


Message History

The kobold hits you but does no damage.
You shoot an arrow. The arrow closely misses the kobold.
The kobold hits you but does no damage. The kobold barely misses you.
You shoot an arrow. The arrow closely misses the kobold.
The kobold barely misses you. The kobold hits you but does no damage.
You shoot an arrow. The arrow barely misses the kobold.
The kobold hits you with a +0 short sword.
e - a +0 dagger (weapon)
The kobold barely misses you.
You hit the kobold but do no damage. The kobold barely misses you.
You hit the kobold.
You kill the kobold!
You have reached level 3!
Your experience leads to an increase in your attributes!
Your base attributes are Str 13, Int 9, Dex 14.
Increase (S)trength, (I)ntelligence, or (D)exterity?
You feel agile. x2
You start resting.
HP restored.
a - a +0 shortbow (weapon)
Found a stone staircase leading down.
l - a scroll labelled QOHETT QUAPOOVUL
Found a hand axe.
You see here a +0 hand axe.
A frilled lizard comes into view.
The frilled lizard hisses angrily.
A frilled lizard is nearby!
You shoot an arrow. The arrow hits the frilled lizard.
You kill the frilled lizard!
You now have 81 gold pieces (gained 7).
You see here a frilled lizard corpse.
Found a short sword.
No target in view!
A rat comes into view.
Found a stone staircase leading down.
A rat is nearby!
You shoot an arrow. The arrow closely misses the rat.
You shoot an arrow. The arrow hits the rat!
You kill the rat!
Are you sure you want to abandon this character and quit the game? (Confirm with "yes".)

##..####.##.##.##.
######.[# #.##.##.##.
.......####.##.##....
#..........##.######
#......).####.#
#........# #.#
#.......#####.#
##.............#
#...@.##########
.......### ......†
>...... .......
....... .######


There were no monsters in sight!

Vanquished Creatures
  A worm (D:2)
  2 endoplasms (D:1)
  A giant cockroach (D:1)
  4 goblins (D:1)
  3 hobgoblins (D:1)
  2 ball pythons (D:1)
  A frilled lizard (D:2)
  5 kobolds
  3 rats
22 creatures vanquished.

Notes
Turn   | Place    | Note
-------+----------+-------------------------------------------
     0 | D:1      | leavemydog the Hill Orc Hunter began the quest for the Orb.
     0 | D:1      | Reached XP level 1. HP: 18/18 MP: 1/1
   125 | D:1      | Reached skill level 4 in Ranged Weapons
   125 | D:1      | Reached XP level 2. HP: 25/25 MP: 2/2
   689 | D:2      | Reached XP level 3. HP: 21/30 MP: 3/3
   890 | D:2      | Quit the game

Illustrated notes

Levels and vault maps discovered:
D:1:      minmay_arrival_stone_box, layout_rooms
D:2:      layout_basic

Skill      XL: |  1 |
---------------+----+-----
Ranged Weapons | 4 |  4.4
Fighting       | |  2.5
Armour         | |  0.1
Dodging        | |  1.5
Stealth        | |  0.7

Action                   || total
-------------------------++-------
Melee: Dagger            ||     2
 Fire: Shortbow          ||    58
Armor: Leather armour    ||     1
       Scale mail        ||     4
Dodge: Dodged            ||    14
